 Dungeon Crawl Stone Soup version 0.31.0-11-ge490571c62 (webtiles) character file.

Game seed: 17052516449869180613

3047 Killerpretzel the Mimic (level 9, -7/62 HPs)
             Began as an Octopode Shapeshifter on Feb 7, 2024.
             Killed from afar by a steam dragon (16 damage)
             ... with a ball of steam
             ... on level 8 of the Dungeon.
             The game lasted 00:24:44 (7983 turns).

Killerpretzel the Mimic (Octopode Shapeshifter)     Turns: 7983, Time: 00:24:44

Health: -7/62      AC:  5    Str: 14    XL:     9   Next: 87%
Magic:  9/9        EV: 17    Int: 12    God:
Gold:   359        SH:  0    Dex: 19    Spells: 8/8 levels left

rFire   . .          .
                       - Unarmed
rCold   . . .        (no shield)
rNeg    + + .        (helmet currently unavailable)
rPois   +            p - amulet of the acrobat
rElec   .            d - ring "Peump" {Fly AC+4 Dex+4 Stlth-}
rCorr   .            o - ring of positive energy
SInv    .            t - ring of poison resistance
Will    .....        v - ring of positive energy
Stlth   ++           (no ring)
HPRegen 0.30/turn    (no ring)
MPRegen 0.11/turn    (no ring)
                     (no ring)

%: acrobat
@: beast-form, flying
A: beast (slay +4), almost no armour, amphibious, 8 rings, camouflage 1,
gelatinous body 1, (nimble swimmer 1), tentacles
a: Begin Untransformation


You were on level 8 of the Dungeon.
You were a hulking beast.
You visited 2 branches of the dungeon, and saw 9 of its levels.

You collected 359 gold pieces.

Inventory:

Jewellery
 d - the ring "Peump" (left tentacle) {Fly AC+4 Dex+4 Stlth-}
   (You acquired it on level 1 of the Dungeon)

   [ring of protection]

   AC+4:      It affects your AC (+4).
   Dex+4:     It affects your dexterity (+4).
   Fly:       It grants you flight.
   Stlth-:    It makes you less stealthy.
 o - a ring of positive energy (right tentacle)
 p - an amulet of the acrobat (around mantle)
 t - a ring of poison resistance (on tentacle)
 v - a ring of positive energy (on tentacle)
Talismans
 b - a beast talisman
 c - a flux talisman
Scrolls
 h - a scroll of summoning {unknown}
 i - a scroll of revelation
 l - a scroll of fog
 m - a scroll of torment
 r - 5 scrolls of identify
Potions
 a - 3 potions of heal wounds {unknown}
 e - 4 potions of curing
 f - 3 potions of lignification
 g - a potion of brilliance {unknown}
 j - a potion of degeneration {unknown}
 k - a potion of magic {unknown}
 q - 2 potions of resistance {unknown}
 u - a potion of attraction {unknown}


   Skills:
 + Level 6.0 Fighting
 + Level 6.2 Dodging
 + Level 6.7 Unarmed Combat
 * Level 8.4 Shapeshifting


You had 8 spell levels left.
You didn't know any spells.
Your spell library contained the following spells:

 Spells                   Type           Power      Damage    Failure   Level
 Shock                    Conj/Air       0%         1d3       32%         1
 Cigotuvi's Dreadful Rot  Necr/Alch/Air  0%         N/A       45%         2
 Mercury Vapours          Alch/Air       0%         N/A       45%         2
 Call Canine Familiar     Summ           0%         N/A       69%         3
 Inner Flame              Hex/Fire       0%         N/A       69%         3
 Mephitic Cloud           Conj/Alch/Air  0%         N/A       69%         3
 Sigil of Binding         Hex            0%         N/A       69%         3
 Swiftness                Air            0%         N/A       69%         3
 Airstrike                Air            0%         2d(0-16)  97%         4
 Dimensional Bullseye     Hex/Tloc       0%         N/A       97%         4
 Ignite Poison            Fire/Alch      0%         N/A       97%         4
 Freezing Cloud           Conj/Ice/Air   0%         6-21      100%        5
 Irradiate                Conj/Alch      0%         3d11      100%        5
 Ignition                 Fire           0%         3d3       100%        8


Dungeon Overview and Level Annotations

Branches:
Dungeon (8/15)             Temple (1/1) D:7
   Lair: D:8-11

Altars:
Ashenzari
Cheibriados
Dithmenos
Elyvilon
Fedhas
Kikubaaqudgha
Makhleb
Nemelex Xobeh
Okawaru
Qazlal
Sif Muna
Trog
Uskayaw
Vehumet
Wu Jian
Yredelemnul
Zin
The Shining One

Shops:
D:1 (   D:3 !   D:4 ?

Annotations:
D:2 Terence
D:4 1 runed translucent door, exclusion: door, Crazy Yiuf
D:5 3 runed translucent doors, exclusion: 3 doors, koorschki's ghost, novice DsRe
D:8 Maggie


Innate Abilities, Weirdness & Mutations

You are a hulking beast.
Your limbs bulge with bestial killing power. (Slay +4)
You cannot wear most types of armour.
You are amphibious.
You can wear up to eight rings at the same time.
Your skin changes colour to match your surroundings (Stealth+).
Your rubbery body absorbs attacks. (AC +1, EV +1)
((You are camouflaged when in or above water. (Stealth+)))
You have tentacles for arms and can constrict up to eight enemies at once.


Message History

You tentacle-slap the orc. Your grab misses the orc.
The orc is severely wounded.
The orc hits you but does no damage.
You bludgeon the orc!
You kill the orc!
No target in view!
Items here: )) [[ ††.
Things that are here:
a +2 scale mail of cold resistance; a +0 hand axe
There is a stone staircase leading down here.
You see here a +0 spear.
Items here: )) [[ ††.
There is a stone staircase leading down here.
You fly downwards.
Level annotation: Maggie The steam dragon breathes steam at you.
The ball of steam hits you!!
You hear a howl!
There is a stone staircase leading up here.
You are engulfed in a cloud of scalding steam.
You barely miss the steam dragon.
You are engulfed in a cloud of scalding steam.
The steam dragon misses you. The steam dragon closely misses you.
You closely miss the steam dragon. You squeeze the steam dragon!
The steam dragon is moderately wounded.
You are engulfed in a cloud of scalding steam.
The steam dragon barely misses you. x2
You bludgeon the steam dragon!
The steam dragon is severely wounded.
You are engulfed in a cloud of scalding steam.
* * * LOW HITPOINT WARNING * * *
The steam dragon bites you!
* * * LOW HITPOINT WARNING * * *
The steam dragon claws you.
* * * LOW HITPOINT WARNING * * *
You tentacle-slap the steam dragon.
The steam dragon is severely wounded.
The steam dragon breathes steam at you. The ball of steam hits you!
You die...

#.......#.....#
#..##...+.....###
#.>##...#........
#..######.......
#..##. #.....# #
#..##.. #.....# .###
#####..##.....##.....
#..§§§.....[......
#...Dh§....[......
#...#########.....
#.. '#### #. #


You could see a steam dragon (catching breath).

Vanquished Creatures
  Grinder (D:4)
  A hornet (D:7)
  A wyvern (D:7)
  A water moccasin (D:6)
  2 sky beasts (D:7)
  2 black bears (D:5)
  An ice beast (D:7)
  An orc warrior (D:7)
  2 centaurs
  A phantom (D:5)
  3 kobold brigands
  Blork the orc (D:4)
  3 bullfrogs
  3 scorpions
  3 wights (D:7)
  A howler monkey (D:6)
  2 hounds (D:5)
  2 jellies (D:7)
  3 orc priests
  3 gnoll boudas
  2 sleepcaps
  2 iguanas (D:5)
  3 orc wizards
  9 adders
  8 gnolls
  A shadow imp (D:5)
  A white imp (D:7)
  2 ufetubi (D:5)
  A dart slug (D:2)
  4 ribbon worms
  10 orcs
  3 bats
  5 endoplasms
  5 giant cockroaches
  8 goblins
  5 hobgoblins
  17 jackals
  2 quokkas
  8 ball pythons
  2 frilled lizards
  19 kobolds
  4 rats
158 creatures vanquished.

Vanquished Creatures (others)
  A kobold (D:6)
1 creature vanquished.

Grand Total: 159 creatures vanquished

Notes
Turn   | Place    | Note
-------+----------+-------------------------------------------
     0 | D:1      | Killerpretzel the Octopode Shapeshifter began the quest for
                  | the Orb.
     0 | D:1      | Reached XP level 1. HP: 13/13 MP: 1/1
   261 | D:1      | Reached XP level 2. HP: 18/18 MP: 2/2
   290 | D:1      | Found Peuligog's Weapon Boutique.
  1015 | D:2      | Reached XP level 3. HP: 12/23 MP: 3/3
  1119 | D:2      | Found a faded altar of an unknown god.
  1190 | D:2      | Reached XP level 4. HP: 29/29 MP: 4/4
  1290 | D:2      | Noticed Terence
  1821 | D:1      | Identified a scroll of acquirement
  1821 | D:1      | Acquired the ring "Peump" {Fly AC+4 Dex+4 Stlth-}
  2165 | D:3      | Reached skill level 4 in Shapeshifting
  2247 | D:3      | Reached XP level 5. HP: 32/34 MP: 5/5
  2405 | D:3      | Found Foni's Distillery.
  3206 | D:4      | Found Dugeazoj's Magic Scroll Boutique.
  3389 | D:4      | Found a runed translucent door.
  3390 | D:4      | Noticed Crazy Yiuf
  3548 | D:4      | Noticed Grinder
  3557 | D:4      | Killed Grinder
  3558 | D:4      | Reached XP level 6. HP: 22/42 MP: 6/6
  3691 | D:4      | Found a glowing silver altar of Zin.
  3713 | D:4      | Found a broken altar of Ashenzari.
  3753 | D:4      | Noticed Blork the orc
  3772 | D:4      | Killed Blork the orc
  3773 | D:4      | Reached skill level 5 in Shapeshifting
  3773 | D:4      | Reached XP level 7. HP: 16/46 MP: 7/7
  4184 | D:5      | Entered Level 5 of the Dungeon
  4295 | D:5      | Found a burning altar of Makhleb.
  4431 | D:5      | Found a runed translucent gate.
  4431 | D:5      | Found a runed translucent gate.
  4981 | D:5      | Found a runed translucent gate.
  4981 | D:5      | Noticed koorschki's ghost (novice DsRe)
  5029 | D:5      | Reached XP level 8. HP: 45/54 MP: 8/8
  5215 | D:5      | Reached skill level 5 in Unarmed Combat
  5215 | D:5      | Reached skill level 6 in Shapeshifting
  6122 | D:6      | Found a stormy altar of Qazlal.
  6136 | D:6      | Reached skill level 5 in Dodging
  6337 | D:6      | Found a shimmering blue altar of Sif Muna.
  6460 | D:6      | Found a radiant altar of Vehumet.
  6462 | D:6      | Found a basalt altar of Yredelemnul.
  6463 | D:6      | Found a hide-covered altar of Uskayaw.
  6464 | D:6      | Found a shadowy altar of Dithmenos.
  6509 | D:6      | Found a bloodstained altar of Trog.
  6644 | D:7      | Found a sparkling altar of Nemelex Xobeh.
  6683 | D:7      | Noticed a hornet
  6733 | D:7      | Reached skill level 7 in Shapeshifting
  6753 | D:7      | Reached skill level 5 in Fighting
  6753 | D:7      | Reached XP level 9. HP: 57/61 MP: 9/9
  7241 | D:7      | Killed a hornet
  7242 | D:7      | Reached skill level 8 in Shapeshifting
  7326 | D:7      | Found a staircase to the Ecumenical Temple.
  7335 | Temple   | Entered the Ecumenical Temple
  7767 | D:8      | Noticed Maggie
  7983 | D:8      | Killed from afar by a steam dragon

Illustrated notes

Levels and vault maps discovered:
D:1:      tarquinn_simple_flora_water_a, layout_loops_corners, serial_shops,
          nicolae_shop_getting_attention
D:2:      layout_loops_ring, hellmonk_ecumenical_altar_arch_garden, hex_tiny,
          minmay_fractal_squares_5, uniq_terence
D:3:      layout_basic, serial_corexii_hall, corexii_hall_statues_i,
          chequers_hall_statues_y, serial_shops, shop
D:4:      layout_loops_corners, mainiacjoe_overflow_swirl, serial_shops,
          nicolae_shop_window_shopping, st_stairs_1, uniq_blork_the_orc,
          uniq_crazy_yiuf_cottage, uniq_grinder
D:5:      layout_basic, mainiacjoe_overflow_tiny_flanked, gammafunk_ghost_split,
          nrook_pool_corridor
D:6:      layout_cave_pools, minitemple, grunt_qazlal_clouds,
          mainiacjoe_overflow_concentric_impassable, led_sif_pool
D:7:      minmay_angry_zag, layout_basic, mainiacjoe_overflow_catwalk,
          lemuel_temple_firewalk_b
D:8:      layout_gridville, old_standard_altar, guppyfry_shop_venom,
          uniq_maggie, uniq_pikel, uniq_grum
Temple:   nicolae_temple_little_seven

Skill      XL: |  1  2  3  4  5  6  7  8  9 |
---------------+----------------------------+-----
Fighting       | 2 3 4 5 6 |  6.0
Shapeshifting  | 4 5 7 8 |  8.4
Dodging        | 3 4 5 6 |  6.2
Unarmed Combat | 4 5 6 |  6.7

Action                     |  1- 3 |  4- 6 |  7- 9 || total
---------------------------+-------+-------+-------++-------
  Melee: Unarmed           |    43 |   122 |   223 ||   388
         Constrict         |     7 |    34 |    45 ||    86
         Tentacles         |     4 |    24 |    56 ||    84
         Punch             |     3 |     3 |    12 ||    18
    Use: Scroll            |       |     9 |     7 ||    16
         Potion            |       |     2 |     2 ||     4
   Stab: Sleeping          |     8 |     3 |     1 ||    12
 Armour: Skin              |    15 |    52 |   115 ||   182
  Dodge: Dodged            |    17 |    73 |   208 ||   298
